Map: Abyssal Reef LE

Players

WISH - Winner!

  • Race: Zerg Zerg
  • League: Diamond
  • Spawn Location: 11:00

Kozick

  • Race: Zerg Zerg
  • League: Gold
  • Spawn Location: 5:00

VOD

Have the link to the VOD?

Description

Time

  • Played on: Nov. 24, 2017, 6:09 p.m.
  • Length: 4:49
Show
View Real Time Build Order
Export as new Build Order

WISH Zerg - Winner!

Build Orders: Pool Only 

Get SALT Encoding   

  12  0:18  Spawning Pool  
  11  0:22  Drone  
  11  0:27  Drone  
  13  0:34  Drone  
  14  0:37  Extractor  
  14  0:39  Drone  
  14  0:44  Extractor  
  14  0:46  Drone  
  14  1:05  Roach Warren  
  14  1:07  Drone  
  14  1:20  Overlord  
  14  1:45  Roach x2  
  18  1:50  Roach  
  20  2:02  Overlord  
  20  2:14  Roach  
  22  2:25  Roach  
  24  2:30  Zergling x2  
  25  2:42  Ravager x2  
  25  2:43  Ravager  
  28  2:47  Roach  
  30  3:12  Overlord  
  30  3:21  Overlord  
  30  3:38  Zergling x4  
  30  3:39  Zergling x2  
  26  4:00  Roach  
  26  4:04  Zergling x4  
  28  4:12  Ravager  
  28  4:30  Zergling x4  
Show
View Real Time Build Order
Export as new Build Order

Kozick Zerg 

Build Orders: Pool First 

Get SALT Encoding   

  12  0:01  Drone  
  13  0:13  Overlord  
  13  0:18  Drone  
  14  0:31  Drone x2  
  14  0:35  Drone  
  17  0:51  Spawning Pool  
  17  0:52  Drone  
  17  1:07  Extractor  
  16  1:15  Drone  
  17  1:29  Hatchery  
  16  1:37  Drone  
  17  1:42  Spine Crawler  
  17  1:43  Spine Crawler  
  15  1:48  Zergling x2  
  15  1:51  Zergling x2  
  17  2:06  Drone  
  17  2:07  Zergling x2  
  19  2:19  Queen  
  21  2:37  Overlord  
  21  2:48  Queen  
  23  2:55  Queen  
  22  3:07  Zergling x6  
  22  3:08  Zergling x2  
  23  3:39  Queen  
  23  3:40  Zergling x4  
  23  3:41  Zergling x2  
  23  3:52  Drone, Zergling x4  
  23  3:53  Drone  
  27  4:06  Overlord  
Tags
 
Add a new tag
Caveats
  • Supply blocks, unpowered buildings, or Contaminate may cause inaccurate times.
  • Supply counts are checked every 10 seconds.